 Dungeon Crawl Stone Soup version 0.30.1-11-g7821555f0a (webtiles) character file.

Game seed: 1935053332162596096

618 anacleto the Cudgeller (level 7, -1/67 HPs)
             Began as a Troll Gladiator on Dec 4, 2023.
             Slain by a yak (7 damage)
             ... on level 5 of the Dungeon.
             The game lasted 00:06:30 (3356 turns).

anacleto the Cudgeller (Troll Gladiator)            Turns: 3356, Time: 00:06:30

Health: -1/67      AC:  6    Str: 25    XL:     7   Next: 21%
Magic:  6/6        EV: 10    Int:  4    God:
Gold:   218        SH:  0    Dex: 11    Spells: 6/6 levels left

rFire   . . .        a - +0 flail
rCold   . . .        (no shield)
rNeg    . . .        b - +0 robe
rPois   +            c - +0 hat
rElec   .            s - +1 cloak {rPois}
rCorr   .            (gloves unavailable)
SInv    .            (boots unavailable)
Will    .....        l - amulet of faith
Stlth   +            (no ring)
HPRegen 1.11/turn    (no ring)
MPRegen 0.10/turn

%: faith
@: no status effects
A: large, unfitting armour, claws 3, regeneration 1, shaggy fur 1, tough skin 1
a: no special abilities


You were on level 5 of the Dungeon.
You visited 1 branch of the dungeon, and saw 5 of its levels.

You collected 218 gold pieces.

Inventory:

Hand Weapons
 a - a +0 flail (weapon)
Missiles
 d - a throwing net (quivered)
 e - a large rock
Armour
 b - a +0 robe (worn)
 c - a +0 hat (worn)
 s - a +1 cloak of poison resistance (worn)
Jewellery
 g - a +6 ring of intelligence
 l - an amulet of faith (around neck)
 p - an amulet of guardian spirit
Wands
 t - a wand of paralysis (11)
Scrolls
 f - 3 scrolls of blinking {unknown}
 i - 4 scrolls of noise {unknown}
 j - a scroll of amnesia {unknown}
 n - 3 scrolls of identify {unknown}
 o - a scroll of fog {unknown}
 q - a scroll of poison {unknown}
 v - a scroll of vulnerability {unknown}
Potions
 h - a potion of magic {unknown}
 k - a potion of ambrosia {unknown}
 m - a potion of heal wounds {unknown}
 r - a potion of flight {unknown}
 u - a potion of berserk rage {unknown}
 w - a potion of brilliance {unknown}


   Skills:
 + Level 3.4 Fighting
 * Level 4.7 Maces & Flails
 + Level 3.8 Throwing
 + Level 3.9 Dodging


You had 6 spell levels left.
You didn't know any spells.
Your spell library contained the following spells:

 Spells                   Type           Power      Damage    Failure   Level
 Magic Dart               Conj           0%         1d3       50%         1
 Scorch                   Fire           0%         2d5       65%         2
 Searing Ray              Conj           0%         2d4       65%         2
 Flame Wave               Conj/Fire      0%         2d4       99%         4
 Fulminant Prism          Conj/Hex       0%         3d5       99%         4
 Iskenderun's Battlesphe  Conj           0%         2d6       100%        5
 Iron Shot                Conj/Erth      0%         9d1       100%        6
 Summon Cactus Giant      Summ           0%         N/A       100%        6
 Spellforged Servitor     Conj/Summ      0%         N/A       100%        7


Dungeon Overview and Level Annotations

Branches:
Dungeon (5/15)
 Temple: D:4-7

Altars:
Ashenzari
Cheibriados
Kikubaaqudgha
Trog

Shops:
D:1 (

Annotations:
D:4 2 runed translucent doors, Okkudo's ghost, amateur HOMo


Innate Abilities, Weirdness & Mutations

You are too large for most types of armour.
You have claws for hands.
Your natural rate of healing is unusually fast.
You are covered in fur. (AC +1)
You have tough skin. (AC +1)


Message History

The adder hisses angrily.
You sock the yak!
The yak is heavily wounded.
The yak closely misses you.
You barely miss the yak.
The yak is heavily wounded.
The yak gores you!
You barely miss the yak.
The yak is heavily wounded.
The yak barely misses you.
You hit the yak.
The yak is heavily wounded.
The yak gores you.
You hit the yak but do no damage.
The yak is heavily wounded.
The yak closely misses you. The yak gores you but does no damage.
You sock the yak!
The yak is severely wounded.
The yak gores you but does no damage.
You closely miss the yak.
The yak is severely wounded.
The yak gores you!
You barely miss the yak.
The yak is severely wounded.
The yak gores you but does no damage.
You barely miss the yak.
The yak is severely wounded.
The yak gores you.
You closely miss the yak.
The yak is severely wounded.
The yak gores you!
You sock the yak!
The yak is almost dead.
The yak gores you!
* * * LOW HITPOINT WARNING * * *
The yak gores you but does no damage. The yak attacks as you move away!
The yak gores you!
* * * LOW HITPOINT WARNING * * *
The yak attacks as you move away! The yak gores you!
You die...

#.......####<#
######..# .#
#[.# .#
#..####.###
#..........
##.####.###
#...##.#
###...#.#
#...#Y@.#
#.#..Y###
#.##Y## # #.#


Y.S ..... ##...## ##.## #.# You could see 4 yaks.

Vanquished Creatures
  Sigmund (D:2)
  2 black bears (D:4)
  Crazy Yiuf (D:3)
  A hound (D:5)
  2 iguanas (D:4)
  An orc wizard (D:4)
  A mummy (D:4)
  5 adders
  3 dart slugs
  9 orcs
  4 ball pythons
  3 endoplasms
  2 giant cockroaches
  5 goblins
  4 hobgoblins
  A quokka (D:3)
  3 bats
  A frilled lizard (D:1)
  7 kobolds
  3 rats
59 creatures vanquished.

Vanquished Creatures (others)
  An orc wizard (D:4)
1 creature vanquished.

Grand Total: 60 creatures vanquished

Notes
Turn   | Place    | Note
-------+----------+-------------------------------------------
     0 | D:1      | anacleto the Troll Gladiator began the quest for the Orb.
     0 | D:1      | Reached XP level 1. HP: 19/19 MP: 0/0
    44 | D:1      | Found Joitiy's Antique Weapon Shop.
   124 | D:1      | Reached XP level 2. HP: 28/28 MP: 1/1
   567 | D:2      | Reached skill level 3 in Maces & Flails
   567 | D:2      | Reached XP level 3. HP: 14/35 MP: 2/2
   878 | D:2      | Found an ancient bone altar of Kikubaaqudgha.
   907 | D:2      | Noticed Sigmund
   924 | D:2      | Killed Sigmund
   925 | D:2      | Reached XP level 4. HP: 28/44 MP: 3/3
   925 | D:2      | Reached XP level 5. HP: 32/50 MP: 4/4
  1452 | D:3      | Found a broken altar of Ashenzari.
  1634 | D:3      | Found a runed translucent door.
  1635 | D:3      | Noticed Crazy Yiuf
  2190 | D:3      | Killed Crazy Yiuf
  2191 | D:3      | Reached XP level 6. HP: 44/59 MP: 0/5
  2324 | D:4      | Found a large runed translucent door.
  2324 | D:4      | Found a large runed translucent door.
  2328 | D:4      | Noticed Okkudo's ghost (amateur HOMo)
  2422 | D:4      | Found a snail-covered altar of Cheibriados.
  2700 | D:4      | Reached skill level 4 in Maces & Flails
  3171 | D:5      | Entered Level 5 of the Dungeon
  3171 | D:5      | Found a bloodstained altar of Trog.
  3212 | D:4      | Reached XP level 7. HP: 30/67 MP: 6/6
  3333 | D:5      | Noticed a yak
  3335 | D:5      | Noticed a yak
  3335 | D:5      | Noticed a yak
  3336 | D:5      | Noticed a yak
  3356 | D:5      | Slain by a yak

Illustrated notes

Levels and vault maps discovered:
D:1:      saegor_arrival_simple_b, layout_rooms, serial_shops,
          nicolae_shop_trees, dreamdust_princess_corridor
D:2:      layout_loops_ring, basic_altar, minmay_cupped, uniq_sigmund
D:3:      layout_basic, lemuel_round_altar, chequers_serial_rivers_small_b,
          uniq_crazy_yiuf_cottage
D:4:      layout_cave_pods, chei_slow_surprise, ebering_ghost_disaster_area,
          minmay_door_square, chequers_serial_rivers_micro_c,
          serial_bayou_lagoon_b
D:5:      layout_loops_ring, trog_ov_bears_minmay, uniq_grinder

Skill      XL: |  1  2  3  4  5  6 |
---------------+-------------------+-----
Throwing       | 2 3 |  3.8
Fighting       | 2 3 |  3.4
Maces & Flails | 3 4 |  4.7
Dodging        | 3 |  3.9

Action                     |  1- 3 |  4- 6 |  7- 9 || total
---------------------------+-------+-------+-------++-------
  Melee: Flail             |    75 |   130 |    29 ||   234
         Punch             |     1 |     1 |       ||     2
  Throw: Throwing net      |     2 |       |       ||     2
    Use: Potion            |       |     3 |       ||     3
   Stab: Sleeping          |     1 |       |       ||     1
 Armour: Robe              |    39 |    82 |    11 ||   132
  Dodge: Dodged            |    61 |    97 |    19 ||   177
